 Dungeon Crawl Stone Soup version 0.32-a0-640-gc5db3fc80f (webtiles) character file.

Game seed: 13720912122931345178

8437 Armakuni the Prestidigitator (level 11, -11/90 HPs)
             Began as a Coglin Artificer on Mar 7, 2024.
             Was an Initiate of Gozag.
             Killed from afar by a guardian serpent (32 damage)
             ... with a bolt of poison
             ... on level 10 of the Dungeon.
             The game lasted 00:34:46 (12658 turns).

Armakuni the Prestidigitator (Coglin Artificer)    Turns: 12658, Time: 00:34:46

Health: -11/90     AC:  5    Str: 12    XL:     11   Next: 30%
Magic:  11/11      EV: 13    Int: 15    God:    Gozag
Gold:   940        SH:  0    Dex: 15    Spells: 10/10 levels left

rFire   . . .        a - +2 morningstar (pain) {Cedro}
rCold   . . .        b - +8 club {Nari}
rNeg    . . .        i - +0 leather armour
rPois   .            (no helmet)
rElec   .            (no cloak)
rCorr   .            (no gloves)
SInv    .            h - +1 pair of boots
Will    .....        (amulet unavailable)
Stlth   +            (ring unavailable)
HPRegen 0.35/turn    (ring unavailable)
MPRegen 0.12/turn    (no gizmo)

%: no passive effects
@: lethally poisoned (-11 -> -28), about to teleport
A: off-hand wielding, slow wielding, warmup strikes, no jewellery
a: Invent Gizmo, Renounce Religion, Potion Petition, Call Merchant, Bribe Branch


You were on level 10 of the Dungeon.
You worshipped Gozag.
Gozag was pleased with you.
You visited 3 branches of the dungeon, and saw 13 of its levels.

You collected 2635 gold pieces.
You spent 387 gold pieces at shops.
You paid 1308 gold pieces to Gozag.

Inventory:

Hand Weapons
 a - a +2 morningstar of pain (weapon) {Cedro}
 b - a +8 club (offhand) {Nari}
Armour
 h - a +1 pair of boots (worn)
 i - a +0 leather armour (worn)
Wands
 k - a wand of digging (3)
 p - a wand of polymorph (3) (quivered)
 s - a wand of quicksilver (4)
Scrolls
 d - 2 scrolls of noise
 m - a scroll of fog
 q - a scroll of amnesia
 v - a scroll of enchant armour
 w - 3 scrolls of teleportation
 y - 4 scrolls of identify
Potions
 c - a potion of attraction
 g - a potion of haste
 j - a potion of enlightenment
 l - a potion of resistance
 u - 3 potions of curing
 x - 2 potions of mutation


   Skills:
 - Level 10.0 Fighting
 + Level 9.0 Maces & Flails
 - Level 5.0 Armour
 - Level 5.0 Dodging
 - Level 0.7 Stealth
 - Level 10.0 Evocations


You had 10 spell levels left.
You didn't know any spells.
Your spell library contained the following spells:

 Spells                   Type           Power      Damage    Failure   Level
 Shock                    Conj/Air       0%         1d3       34%         1
 Ensorcelled Hibernation  Hex/Ice        0%         N/A       45%         2
 Lesser Beckoning         Tloc           0%         N/A       45%         2
 Fugue of the Fallen      Necr           0%         N/A       71%         3
 Gell's Gravitas          Tloc           0%         N/A       71%         3
 Swiftness                Air            0%         N/A       71%         3
 Teleport Other           Tloc           0%         N/A       71%         3
 Airstrike                Air            0%         2d(0-16)  98%         4
 Anguish                  Hex/Necr       0%         N/A       98%         4
 Brom's Barrelling Bould  Conj/Erth      0%         2d3       98%         4
 Vhi's Electric Charge    Tloc/Air       0%         N/A       98%         4
 Arcjolt                  Conj/Air       0%         1d10      100%        5
 Fireball                 Conj/Fire      0%         3d3       100%        5
 Iskenderun's Battlesphe  Conj           0%         2d6       100%        5
 Conjure Ball Lightning   Conj/Air       0%         3x3d6     100%        6
 Orb of Destruction       Conj           0%         9d5       100%        7
 Maxwell's Capacitive Co  Air            0%         ∞         100%        8


Dungeon Overview and Level Annotations

Branches:
Dungeon (10/15)            Temple (1/1) D:4             Orc (2/2) D:9
    Elf (0/3) Orc:2
   Lair: D:8-11

Altars:
Ashenzari
Cheibriados
Dithmenos
Elyvilon
Fedhas
Gozag
Hepliaklqana
Kikubaaqudgha
Makhleb
Nemelex Xobeh
Okawaru
Qazlal
Ru
Sif Muna
Trog
Uskayaw
Vehumet
Wu Jian
Xom
Yredelemnul
Zin
The Shining One
Beogh

Shops:
D:3 !   D:5 :   D:8 :   D:9 (   Orc:2 (

Portals:
Bazaar: Orc:2

Annotations:
D:5 3 runed translucent doors, Konar's ghost, novice CoHu
D:7 1 transporter, Joseph
Orc:2 exclusion: obsidian statue


Innate Abilities, Weirdness & Mutations

You can wield a second weapon in your off-hand.
It takes a long time for you to wield or remove held weapons.
Your first few attacks do less damage.
You cannot equip rings or amulets.


Message History

Press: ? - help, Q - select action, (/) - cycle Shift-Dir - straight line, f - electric eel
Aim: an electric eel (will become a killer bee, an ice beast, or a bullfrog, chance to affect: 78%)
The electric eel evaporates and reforms as an ice beast!
Something hits you. x2
Aiming: Polymorph
Press: ? - help, Q - select action, (/) - cycle Shift-Dir - straight line, f - electric eel, p - ice beast
Aim: an electric eel (water, will become a jelly, an adder, or a water moccasin, chance to affect: 78%)
The electric eel evaporates and reforms as a jelly!
Something hits you. Something hits you! Something barely misses you.
Something hits you!
There is an open door here.
Aiming: Polymorph
Press: ? - help, Q - select action, (/) - cycle Shift-Dir - straight line The ice beast struggles to resist.
Something hits you. Something hits you.
You see here a +0 spear.
Something hits you! x2
Something hits you. Something hits you!
* * * LOW HITPOINT WARNING * * *
You see here a +0 spear.
Something hits you but does no damage. Something hits you.
* * * LOW HITPOINT WARNING * * *
Something hits you but does no damage. Something hits you.
* * * LOW HITPOINT WARNING * * *
Something hits you.
* * * LOW HITPOINT WARNING * * *
Aiming: Polymorph
Press: ? - help, Q - select action, (/) - cycle Shift-Dir - straight line A guardian serpent appears out of thin air!
Reactivating autopickup.
The guardian serpent closely misses you.
Okay, then.
As you read the scroll of teleportation, it crumbles to dust.
You feel strangely unstable.
The guardian serpent coils itself and waves its upper body at you.
The bolt of poison hits you!!
You are poisoned.
You die...
Your body crumbles into a pile of gold.

#...#...#.....#.#...
#...#...#.......#...
#...#...####'####...
#...#..........#....
#.#.######.....#....
#.#<.....#.....#....
#.#......###########
#.#........
#.#@#####.#
#.#S#...# .
#.#Y+...#+##
#...#......#
#..J##.#####
#...)#)######
#.##.+......#.#.
#.##)#.##'###.. #
#....#.+. .... .#


You could see a guardian serpent, an ice beast and a jelly.

Vanquished Creatures
  4 two-headed ogres
  A hornet (D:8)
  Prince Ribbit (D:8)
  4 yaks (D:9)
  A steam dragon (D:8)
  Menkaure (D:5)
  An acid dragon (D:10)
  2 water moccasins (D:6)
  2 black bears
  3 orc warriors
  An ice beast (D:9)
  3 ogres
  A swamp drake (Orc:1)
  4 wolves
  A weeping skull (D:6)
  3 bullfrogs
  3 scorpions
  A gnoll sergeant (D:10)
  9 wights (D:7)
  9 killer bees
  A howler monkey (D:7)
  3 jellies
  A bombardier beetle (D:5)
  11 orc priests
  A gnoll bouda (D:8)
  5 hounds
  2 sleepcaps
  Jessica (D:3)
  5 iguanas
  24 orc wizards
  7 gnolls
  A river rat (D:8)
  6 adders
  4 shadow imps
  4 white imps
  2 ufetubi (D:6)
  A dart slug (D:5)
  3 ribbon worms
  63 orcs
  5 endoplasms
  2 giant cockroaches (D:1)
  11 goblins
  3 hobgoblins
  4 kobolds
  3 quokkas
  3 ball pythons
  2 bats (D:2)
  4 frilled lizards
  19 rats
  A spectral orc (D:6)
257 creatures vanquished.

Vanquished Creatures (collateral kills)
  A wight (D:7)
  3 killer bees (D:7)
  A bombardier beetle (D:3)
  A gnoll (D:6)
  An orc (D:4)
7 creatures vanquished.

Vanquished Creatures (others)
  A scorpion (D:6)
  2 wights (D:7)
  3 killer bees (D:7)
  A gnoll bouda (D:6)
7 creatures vanquished.

Grand Total: 271 creatures vanquished

Notes
Turn   | Place    | Note
-------+----------+-------------------------------------------
     0 | D:1      | Armakuni the Coglin Artificer began the quest for the Orb.
     0 | D:1      | Reached XP level 1. HP: 15/15 MP: 1/1
    85 | D:1      | Reached skill level 1 in Maces & Flails
   172 | D:1      | Reached XP level 2. HP: 20/21 MP: 2/2
  1004 | D:2      | Reached XP level 3. HP: 26/26 MP: 3/3
  1565 | D:3      | Reached skill level 5 in Evocations
  1565 | D:3      | Reached XP level 4. HP: 24/32 MP: 4/4
  1857 | D:3      | Reached XP level 5. HP: 37/37 MP: 5/5
  1961 | D:3      | Found Natzept's Distillery.
  1969 | D:3      | Bought a potion of curing for 33 gold pieces
  1969 | D:3      | Bought a potion of attraction for 33 gold pieces
  1969 | D:3      | Bought a potion of lignification for 33 gold pieces
  2276 | D:3      | Noticed Jessica
  2307 | D:3      | Reached XP level 6. HP: 39/43 MP: 6/6
  2341 | D:3      | Killed Jessica
  2682 | D:4      | Noticed a black bear
  2725 | D:4      | Killed a black bear
  2792 | D:4      | Found a broken altar of Ashenzari.
  2929 | D:4      | Reached XP level 7. HP: 27/48 MP: 7/7
  3010 | D:4      | Found a staircase to the Ecumenical Temple.
  3026 | Temple   | Entered the Ecumenical Temple
  3039 | Temple   | Became a worshipper of Gozag Ym Sagoz the Greedy
  3361 | D:4      | Found a white marble altar of Elyvilon.
  3737 | D:5      | Entered Level 5 of the Dungeon
  3742 | D:5      | Reached skill level 10 in Evocations
  3936 | D:5      | Found a shimmering blue altar of Sif Muna.
  3952 | D:5      | Got Sif Muna's Directory of Attacks
  4020 | D:5      | Found Xaptatt's Book Shop.
  4042 | D:5      | Found a runed translucent gate.
  4042 | D:5      | Found a runed translucent gate.
  4042 | D:5      | Found a runed translucent gate.
  4143 | D:5      | Noticed Konar's ghost (novice CoHu)
  4425 | D:5      | Noticed Menkaure
  4434 | D:5      | Killed Menkaure
  4675 | D:5      | Found a blossoming altar of Fedhas.
  4962 | D:6      | Reached XP level 8. HP: 51/57 MP: 8/8
  5431 | D:6      | Reached skill level 5 in Fighting
  5690 | D:6      | Found a basalt altar of Yredelemnul.
  6073 | D:7      | Reached skill level 5 in Armour
  6073 | D:7      | Reached skill level 1 in Dodging
  6098 | D:7      | Reached XP level 9. HP: 66/68 MP: 9/9
  6144 | D:7      | Noticed Joseph
  6298 | D:7      | Noticed a boulder beetle
  6300 | D:7      | Noticed a troll
  6367 | D:7      | Found a transporter.
  6515 | D:7      | Noticed a troll
  6779 | D:7      | Found a burning altar of Makhleb.
  6872 | D:7      | Reached skill level 5 in Dodging
  6877 | D:7      | Found a sparkling altar of Nemelex Xobeh.
  6925 | D:7      | Found a bloodstained altar of Trog.
  6939 | D:7      | Reached skill level 5 in Maces & Flails
  7667 | D:8      | Noticed a hornet
  7679 | D:8      | Paralysed by a hornet for 3 turns
  7684 | D:8      | Noticed Prince Ribbit
  7685 | D:8      | Killed a hornet
  7695 | D:8      | Killed Prince Ribbit
  7814 | D:8      | Reached XP level 10. HP: 76/76 MP: 10/10
  8249 | D:8      | Found a sacrificial altar of Ru.
  8250 | D:8      | Found a glowing golden altar of the Shining One.
  8333 | D:8      | Found a hazy altar of Hepliaklqana.
  8335 | D:8      | Found an iron altar of Okawaru.
  8433 | D:9      | Noticed a two-headed ogre
  8882 | D:9      | Noticed a two-headed ogre
  9047 | D:9      | Killed a two-headed ogre
  9083 | D:9      | Found a staircase to the Orcish Mines.
  9613 | D:9      | Noticed a two-headed ogre
  9619 | D:9      | Killed a two-headed ogre
 10182 | D:9      | Killed a two-headed ogre
 10183 | D:9      | Reached skill level 10 in Fighting
 10340 | D:10     | Entered Level 10 of the Dungeon
 10421 | Orc:1    | Entered Level 1 of the Orcish Mines
 10577 | D:9      | Bought a fading rapier for 288 gold pieces
 10577 | D:9      | Identified the +8 rapier of the Hidden Vale {antimagic,
                  | Dex+3} (You bought it in a shop on level 9 of the Dungeon)
 10681 | Orc:1    | Reached XP level 11. HP: 9/90 MP: 11/11
 11022 | Orc:1    | Found a roughly hewn altar of Beogh.
 11150 | Orc:2    | Entered Level 2 of the Orcish Mines
 11173 | Orc:2    | Noticed a two-headed ogre
 11178 | Orc:2    | Killed a two-headed ogre
 11269 | Orc:2    | Found a staircase to the Elven Halls.
 11276 | Orc:2    | Found a flickering gateway to a bazaar.
 11276 | Orc:2    | Noticed an obsidian statue
 11281 | Orc:2    | Noticed a soul eater
 11286 | Orc:2    | Found Ofaemop's Weapon Shop.
 11286 | Orc:2    | Noticed a two-headed ogre
 11286 | Orc:2    | Noticed a stone giant
 11287 | Orc:2    | Noticed a deep troll
 12046 | D:10     | Found a glowing silver altar of Zin.
 12658 | D:10     | Killed from afar by a guardian serpent

Illustrated notes

Levels and vault maps discovered:
D:1:      wander_arrival_chamber, layout_basic
D:2:      layout_basic, grunt_decor_junction
D:3:      layout_loops_ring, serial_shops, nicolae_square_shop, minmay_rat_hole,
          uniq_jessica
D:4:      layout_basic, nicolae_overflow_crystal_walls,
          mainiacjoe_overflow_surrounded_room, minmay_temple_entry_overgrown,
          chequers_decorated_corner
D:5:      layout_loops_corners, fedhas_altar_4, led_sif_book, serial_shops,
          shop, gammafunk_ghost_icy, uniq_menkaure
D:6:      layout_loops_ring, yredelemnul_forgotten_temple_becter
D:7:      gammafunk_the_bubble [the_bubble_gammafunk_plus_minus],
          layout_loops_corners, bloody_trog, lightli_temple_of_fire,
          nemelex_dance_club_becter, uniq_joseph
D:8:      layout_loops_ring, nicolae_overflow_hidden_temple, uniq_prince_ribbit1
D:9:      layout_basic, hiddenorc2_lemuel
D:10:     layout_stronghold, mainiacjoe_overflow_alcove_2, erik_lair_island,
          kennysheep_diamond
Temple:   dpeg_three_leaves_temple
Orc:1:    layout_diamond_mine, basic_altar
Orc:2:    st_orc_open, layout_caves, serial_shops, statue_bzr,
          regret_index_xom_of_box, uniq_donald

Skill      XL: |  1  2  3  4  5  6  7  8  9 10 11 |
---------------+----------------------------------+-----
Maces & Flails | 1 2 4 6 7 9 |  9.0
Evocations     | 5 6 8 9 10 | 10.0
Fighting       | 2 5 6 10 | 10.0
Armour         | 5 |  5.0
Dodging        | 1 5 |  5.0
Stealth        | |  0.7

Action                     |  1- 3 |  4- 6 |  7- 9 | 10-12 || total
---------------------------+-------+-------+-------+-------++-------
  Melee: Dagger            |    20 |       |       |       ||    20
         Club              |   148 |    56 |   245 |   229 ||   678
         Mace              |       |   101 |   213 |       ||   314
         Flail             |       |    55 |       |       ||    55
         Whip              |       |       |    16 |    97 ||   113
         Morningstar       |       |       |       |   136 ||   136
 Invoke: Call Merchant     |       |       |     1 |     1 ||     2
  Evoke: Wand              |     7 |     8 |    20 |    18 ||    53
    Use: Scroll            |       |    13 |     4 |     5 ||    22
         Potion            |       |       |     5 |     5 ||    10
   Stab: Sleeping          |     2 |       |     3 |       ||     5
         Distracted        |       |       |     1 |       ||     1
 Armour: Leather armour    |    61 |    76 |   152 |   215 ||   504
         Skin              |       |       |    59 |       ||    59
  Dodge: Dodged            |    51 |    60 |   146 |   203 ||   460

Table legend: (Time is in decaauts)
 A = Elapsed time spent in this place.
 B = Non-inter-level travel time spent in this place.
 C = Inter-level travel time spent in this place.
 D = Time resting spent in this place.
 E = Time spent auto-exploring this place.
 F = Levels seen in this place.
 G = Mean time per level.
                   A        B        C        D        E       F      G
               +--------+--------+--------+--------+--------+-----+--------+
         Total |  12756 |  12161 |    595 |   2844 |   6367 |  13 |  981.2 |
       Dungeon |  12024 |  11462 |    562 |   2677 |   6136 |  10 | 1202.4 |
        Temple |     26 |     14 |     12 |      0 |      0 |   1 |   26.0 |
  Orcish Mines |    705 |    684 |     21 |    167 |    231 |   2 |  352.5 |
               +--------+--------+--------+--------+--------+-----+--------+

Top non-repeatable levels by time:
     D:9: 2093 daAuts
     D:8: 1476 daAuts
     D:6: 1391 daAuts
     D:7: 1254 daAuts
     D:5: 1220 daAuts
     D:3: 1203 daAuts
     D:4: 1098 daAuts
     D:1: 861 daAuts
    D:10: 821 daAuts
     D:2: 602 daAuts
   Orc:1: 555 daAuts
   Orc:2: 150 daAuts
  Temple: 26 daAuts
